AoeStats
← tbzachary

Hideout

509961467Analyzed
1v1 RM · 5d ago on Sep 28, 2026· 42m 51s· 2 players
Game mode
Random Map
Map size
Tiny (2 player)
Population
200
Speed
Normal
Resources
Standard
Victory
Conquest
Starting age
Dark Age
Ending age
Imperial Age
RankedLock teamsTeams togetherTeam positionsShared explorationLock speedFull tech treeHidden civsTurbo modeCheats
Victory
Defeat
🇺🇸 Slavs · United States
729
+18
🇩🇪 Romans · Germany
763
-18
tbzachary
4:55 Loom
9:45 Feudal Age
10:41 Double-Bit Axe
17:39 Castle Age
16:26 Bloodlines
17:09 Forging
17:29 Scale Barding Armor
17:21 Horse Collar
17:51 Scale Barding Armor
18:26 Stone Mining
18:27 Gold Mining
19:21 Bow Saw
24:22 Iron Casting
24:01 Heavy Plow
24:35 Husbandry
28:05 Wheelbarrow
27:54 Scale Mail Armor
27:46 Pikeman
29:29 Hand Cart
30:10 Chain Barding Armor
30:05 Chain Mail Armor
30:03 Squires
30:16 Gold Mining
33:41 Detinets
37:01 Imperial Age
37:15 Heavy Scorpion
38:41 Plate Barding Armor
39:07 Blast Furnace
38:24 Chain Mail Armor
39:11 Gold Shaft Mining
38:13 Elite Boyar
41:30 Chemistry
40:51 Ballistics
40:37 Siege Engineers
40:29 Murder Holes
König Lux
11:49 Feudal Age
12:30 Double-Bit Axe
12:29 Horse Collar
14:39 Loom
20:30 Castle Age
18:23 Man-at-Arms
19:15 Stone Mining
20:52 Pikeman
22:12 Long Swordsman
22:53 Squires
23:41 Gold Mining
25:12 Bow Saw
27:55 Forging
30:29 Scale Mail Armor
30:35 Ballistas
33:53 Ballistics
33:29 Murder Holes
38:20 Imperial Age
38:43 Iron Casting
40:02 Conscription
39:47 Legionary
Connection lost

Rejoining the realm…

Still unreachable

The connection could not be restored.

Session expired

The server has moved on; the page needs a fresh start.